 Dungeon Crawl Stone Soup version 0.29.0-10-g45618ea6d2 (webtiles) character file.

Game seed: 12484376286001499293

9982 nickcage the Impaler (level 11, -1/77 HPs)
             Began as a Merfolk Gladiator on Sept 1, 2022.
             Was a Priest of Hepliaklqana.
             Slain by an acid dragon (5 damage)
             ... on level 11 of the Dungeon.
             The game lasted 00:32:11 (13963 turns).

nickcage the Impaler (Merfolk Gladiator)           Turns: 13963, Time: 00:32:12

Health: -1/77      AC: 18    Str: 18    XL:     11   Next: 55%
Magic:  13/13      EV:  6    Int:  8    God:    Hepliaklqana [***...]
Gold:   698        SH: 10    Dex: 22    Spells: 10/10 levels left

rFire   . . .      SeeInvis .   a - +1 trident
rCold   . . .      Faith    .   s - +0 kite shield
rNeg    . . .      Spirit   .   M - +0 plate armour
rPois   .          Reflect  .   c - +1 helmet
rElec   .          Harm     .   (no cloak)
rCorr   .          Rampage  .   P - +1 pair of gloves
Will    .....                   m - +0 pair of boots
Stlth   ..........              (no amulet)
HPRegen 0.22/turn               o - +4 ring of protection
MPRegen 0.13/turn               C - +6 ring of dexterity

@: corroded
A: reduced essence, (nimble swimmer 2), mertail
a: Renounce Religion, Recall Ancestor, Ancestor Identity, Transference


You were on level 11 of the Dungeon.
You worshipped Hepliaklqana.
Hepliaklqana was most pleased with you.
You visited 2 branches of the dungeon, and saw 12 of its levels.

You collected 915 gold pieces.
You spent 217 gold pieces at shops.

Inventory:

Hand Weapons
 a - a +1 trident (weapon)
 k - a +0 halberd
Missiles
 d - 3 throwing nets
 g - 12 boomerangs
 y - 41 poisoned darts (quivered)
Armour
 c - a +1 helmet (worn)
 m - a +0 pair of boots (worn)
 s - a +0 kite shield (worn)
 M - a +0 plate armour (worn)
 O - a +0 scale mail of fire resistance
 P - a +1 pair of gloves (worn)
Jewellery
 e - a ring of willpower
 n - a ring of wizardry
 o - a +4 ring of protection (left hand)
 q - a ring of magical power
 C - a +6 ring of dexterity (right hand)
Wands
 p - a wand of mindburst (4)
 B - a wand of flame (5)
 G - a wand of iceblast (24)
 L - a wand of polymorph (4)
Scrolls
 f - 3 scrolls of enchant weapon
 v - 4 scrolls of teleportation
 x - 2 scrolls of poison
 A - 4 scrolls of identify
 D - 2 scrolls of blinking {unknown}
 E - a scroll of noise {unknown}
 H - 2 scrolls of amnesia {unknown}
 I - 4 scrolls of magic mapping {unknown}
 J - 2 scrolls of fear {unknown}
Potions
 b - 2 potions of berserk rage {unknown}
 h - 8 potions of curing
 i - 4 potions of attraction
 j - a potion of heal wounds {unknown}
 l - 2 potions of mutation
 r - 2 potions of flight
 t - a potion of lignification {unknown}
 u - a potion of haste
 w - a potion of might
 z - a potion of magic {unknown}
 F - 2 potions of degeneration
 K - a potion of cancellation {unknown}
 N - 2 potions of brilliance {unknown}


   Skills:
 + Level 8.2 Fighting
 - Level 17.2 Polearms
 - Level 2.0 Throwing
 + Level 6.2 Armour
 - Level 4.0 Dodging
 * Level 3.3 Shields
 * Level 3.1 Invocations


You had 10 spell levels left.
You didn't know any spells.
Your spell library contained the following spells:

 Spells                   Type           Power      Damage    Failure   Level
 Beastly Appendage        Tmut           0%         N/A       100%        1
 Blink                    Tloc           0%         N/A       100%        2
 Ensorcelled Hibernation  Hex/Ice        0%         N/A       100%        2
 Passwall                 Tmut/Erth      0%         N/A       100%        2
 Wereblood                Tmut           0%         N/A       100%        2
 Frozen Ramparts          Ice            0%         1d1       100%        3
 Gell's Gravitas          Tloc           0%         N/A       100%        3
 Lesser Beckoning         Tloc           0%         N/A       100%        3
 Spider Form              Tmut/Pois      0%         N/A       100%        3
 Swiftness                Air            0%         N/A       100%        3
 Teleport Other           Tloc           0%         N/A       100%        3
 Hailstorm                Conj/Ice       0%         3d3       100%        4
 Ice Form                 Ice/Tmut       0%         N/A       100%        4
 Summon Ice Beast         Ice/Summ       0%         N/A       100%        4
 Manifold Assault         Tloc           0%         N/A       100%        5
 Simulacrum               Ice/Necr       0%         N/A       100%        6


Dungeon Overview and Level Annotations

Branches:
Dungeon (11/15)            Temple (1/1) D:7            Lair (0/5) D:8
    Orc (0/2) D:11

Altars:
Ashenzari
Cheibriados
Dithmenos
Elyvilon
Fedhas
Gozag
Hepliaklqana
Kikubaaqudgha
Makhleb
Nemelex Xobeh
Okawaru
Qazlal
Ru
Sif Muna
Trog
Uskayaw
Vehumet
Wu Jian
Xom
Yredelemnul
Zin
The Shining One

Shops:
D:1 !   D:10 [:=


Innate Abilities, Weirdness & Mutations

Your life essence is reduced to manifest your ancestor. (-10% HP)
((You are very nimble when in or above water. (Stealth+, EV+, Speed+++)))
Your lower body shifts to a powerful aquatic tail in water.


Message History

You reach to attack!
You hit the two-headed ogre.
The two-headed ogre is heavily wounded.
The acid dragon bites Snapple.
Snapple blocks the acid dragon's attack.
The two-headed ogre hits Snapple with a +0 giant spiked club!!
Snapple is destroyed!
You reach to attack!
You hit the two-headed ogre.
The two-headed ogre is heavily wounded.
You reach to attack!
You hit the two-headed ogre.
The two-headed ogre is heavily wounded.
You hit the two-headed ogre.
The two-headed ogre is heavily wounded.
The acid dragon spits acid at you. The splash of acid hits you!
You hear a bellow!
You hit the two-headed ogre.
The two-headed ogre is heavily wounded.
The two-headed ogre hits you with a +0 giant spiked club!!
The two-headed ogre completely misses you.
The acid dragon barely misses you. You block the acid dragon's attack.
You hit the two-headed ogre.
The two-headed ogre is severely wounded.
You puncture the two-headed ogre!
The two-headed ogre is almost dead.
You block the acid dragon's attack.
The acid dragon claws you but does no damage.
You block the two-headed ogre's attack.
The two-headed ogre hits you with a +0 giant club!
You hit the two-headed ogre but do no damage.
The two-headed ogre is almost dead.
The acid dragon spits acid at you. The splash of acid hits you.
The acid corrodes you!
You closely miss the two-headed ogre.
The two-headed ogre is almost dead.
The two-headed ogre hits you with a +0 giant spiked club!!
* * * LOW HITPOINT WARNING * * *
The two-headed ogre barely misses you.
The acid dragon bites you but does no damage.
The acid dragon claws you.
You die...

)........######.........
.........#..............
.........#..............
##########..............
#..............
##...#......... #
#.####........
#######..... #........
........########@.......
#.....# #......OD.......
....# #......)........
#...#+###...........####
#.......#...........#
#<......#...........#
..#.....#...........#
####....#...........#
....#...........#


You could see a two-headed ogre and an acid dragon (catching breath).

Vanquished Creatures
  A gargoyle (D:8)
  A kobold demonologist (D:11)
  Maggie (D:7)
  A troll (D:9)
  3 wyverns
  8 yaks
  A steam dragon (D:8)
  Menkaure (D:4)
  3 acid dragons
  A water moccasin (D:8)
  2 orc warriors
  3 black bears
  A sky beast (D:8)
  An ice beast (D:5)
  3 centaurs
  4 kobold brigands
  4 bullfrogs
  2 necrophages
  A gnoll sergeant (D:10)
  5 scorpions
  6 wights (D:8)
  10 killer bees
  A howler monkey (D:8)
  3 jellies
  8 orc priests
  2 gnoll boudas
  5 hounds
  Terence (D:2)
  3 iguanas
  11 orc wizards
  15 gnolls
  5 adders
  3 shadow imps
  4 white imps
  2 ufetubi
  3 dart slugs
  46 orcs
  9 bats
  3 endoplasms (D:1)
  3 giant cockroaches (D:1)
  6 goblins
  5 hobgoblins
  A quokka (D:4)
  3 ball pythons
  4 frilled lizards
  25 kobolds
  4 rats
238 creatures vanquished.

Vanquished Creatures (collateral kills)
  A two-headed ogre (D:8)
  An ugly thing (D:11)
  An unseen horror (D:10)
  A shadow (D:11)
  4 yaks (D:11)
  2 centaurs (D:11)
  4 bullfrogs
  2 killer bees (D:9)
  A howler monkey (D:9)
  2 orc priests (D:11)
  An orc wizard (D:11)
  A gnoll (D:9)
  A shadow imp (D:8)
  11 orcs (D:11)
  3 kobolds (D:10)
36 creatures vanquished.

Vanquished Creatures (others)
  4 knights
  6 ancestors
  14 fungi (D:8)
  30 plants
54 creatures vanquished.

Grand Total: 328 creatures vanquished

Notes
Turn   | Place    | Note
-------+----------+-------------------------------------------
     0 | D:1      | nickcage the Merfolk Gladiator began the quest for the Orb.
     0 | D:1      | Reached XP level 1. HP: 16/16 MP: 1/1
   188 | D:1      | Reached XP level 2. HP: 22/22 MP: 2/2
   311 | D:1      | Reached skill level 5 in Polearms
   485 | D:1      | Found Kerex's Distillery.
   674 | D:1      | Reached XP level 3. HP: 17/27 MP: 3/3
  1161 | D:1      | Found a faded altar of an unknown god.
  1561 | D:2      | Reached skill level 6 in Polearms
  1580 | D:2      | Noticed Terence
  1589 | D:2      | Killed Terence
  1590 | D:2      | Reached XP level 4. HP: 23/33 MP: 4/4
  2145 | D:3      | Found a broken altar of Ashenzari.
  2199 | D:3      | Reached skill level 7 in Polearms
  2894 | D:3      | Found a snail-covered altar of Cheibriados.
  2996 | D:3      | Found a white marble altar of Elyvilon.
  3316 | D:4      | Reached XP level 5. HP: 37/38 MP: 5/5
  3345 | D:4      | Identified the +5 robe of the Devil's Team {Will++ MP+9}
  3546 | D:4      | Reached skill level 8 in Polearms
  3841 | D:4      | Noticed Menkaure
  3849 | D:4      | Killed Menkaure
  3850 | D:4      | Reached skill level 9 in Polearms
  3850 | D:4      | Reached XP level 6. HP: 44/44 MP: 6/6
  3850 | D:4      | Found a blossoming altar of Fedhas.
  3926 | D:5      | Entered Level 5 of the Dungeon
  3937 | D:5      | Noticed a black bear
  3946 | D:5      | Killed a black bear
  4028 | D:5      | Reached skill level 10 in Polearms
  4028 | D:5      | Reached XP level 7. HP: 44/50 MP: 7/7
  4343 | D:5      | Reached skill level 11 in Polearms
  4978 | D:5      | Reached XP level 8. HP: 56/57 MP: 8/8
  5316 | D:6      | Reached skill level 12 in Polearms
  5485 | D:6      | Reached skill level 1 in Armour
  5816 | D:6      | Reached skill level 13 in Polearms
  6330 | D:7      | Noticed Maggie
  6344 | D:7      | Found a staircase to the Ecumenical Temple.
  6351 | Temple   | Entered the Ecumenical Temple
  6648 | Temple   | Became a worshipper of Hepliaklqana the Forgotten
  6723 | D:7      | Killed Maggie
  6724 | D:7      | Reached XP level 9. HP: 24/64 MP: 9/9
  7011 | D:7      | Reached skill level 14 in Polearms
  7226 | D:7      | Found a sacrificial altar of Ru.
  8059 | D:7      | Reached * piety under Hepliaklqana
  8485 | D:8      | Reached skill level 15 in Polearms
  8769 | D:8      | Reached skill level 5 in Fighting
  8809 | D:8      | Reached XP level 10. HP: 66/66 MP: 10/10
  8925 | D:8      | Noticed a two-headed ogre
  8936 | D:8      | Killed a two-headed ogre
  8937 | D:8      | Reached skill level 16 in Polearms
  9004 | D:8      | Found a staircase to the Lair.
  9471 | D:8      | Noticed a gargoyle
  9494 | D:8      | Killed a gargoyle
 10610 | D:9      | Reached skill level 5 in Armour
 10933 | D:9      | Reached skill level 17 in Polearms
 11179 | D:9      | Reached XP level 11. HP: 75/75 MP: 11/11
 11512 | D:10     | Entered Level 10 of the Dungeon
 11712 | D:10     | Reached ** piety under Hepliaklqana
 11713 | D:10     | Remembered your ancestor Snapple as a knight
 11736 | D:10     | Found Etynk's Antique Armour Emporium.
 11739 | D:10     | Found Xiux's Book Shop.
 11739 | D:10     | Found Jaqodwax's Jewellery Boutique.
 11751 | D:10     | Bought a pair of embroidered gloves for 217 gold pieces
 11879 | D:10     | Found a bloodstained altar of Trog.
 12271 | D:10     | Reached skill level 1 in Shields
 12271 | D:10     | Reached skill level 1 in Invocations
 12707 | D:11     | Noticed a cyan ugly thing
 12773 | D:11     | Found a staircase to the Orcish Mines.
 13074 | D:11     | Killed a cyan ugly thing
 13503 | D:11     | Reached *** piety under Hepliaklqana
 13944 | D:11     | Noticed a two-headed ogre
 13963 | D:11     | Slain by an acid dragon

Illustrated notes

Levels and vault maps discovered:
D:1:      doesnt_arrival_eight_statues, layout_loops_corners, serial_shops,
          shop, shapermc_ecumenical_altar_mp_vishouse
D:2:      layout_basic, lexackson_kobold_supper, uniq_terence
D:3:      layout_basic, mainiacjoe_overflow_small_starburst,
          kennysheep_slug_shrine, nicolae_elyvilon_peaceful_grove
D:4:      layout_cave_pools, lemuel_coloured_pillars_altar,
          corexii_item_surrounded_by_moat, uniq_menkaure
D:5:      layout_basic, serial_rivers, chequers_serial_rivers_micro_e,
          chequers_serial_rivers_room_b, chequers_serial_rivers_large_a,
          chequers_serial_rivers_large_b, chequers_serial_rivers_micro_b,
          chequers_serial_rivers_marsh, roderic_roman_lattice
D:6:      layout_cave_pods
D:7:      layout_basic, nicolae_ru_path_of_blood,
          minmay_temple_entry_junction_2, serial_co_window_serial,
          co_window_corner_a, co_window_cross_1, co_window_paths_b,
          co_window_paths_b, co_window_paths_b, co_window_broadway_b,
          co_window_of_opportunity_c, co_window_broadway_c, co_window_paths_e,
          co_window_4corner_a, glass_columns_b, glass_columns_c,
          glass_columns_b, hangedman_decor_clover_reticule, uniq_maggie
D:8:      layout_rooms, grunt_lair_entry_orc_guard_hut, minmay_alternating_orb
D:9:      layout_loops_cross
D:10:     layout_stronghold, general_overflow_altar, nicolae_wooded_promenade
D:11:     layout_basic, hiddenorc2_lemuel, minmay_misc_feat_pillars
Temple:   nicolae_temple_superstar

Skill      XL: |  1  2  3  4  5  6  7  8  9 10 11 |
---------------+----------------------------------+-----
Polearms       | 5 6 7 9 10 11 13 15 17 | 17.2
Armour         | 2 3 5 6 |  6.2
Fighting       | 3 5 7 8 |  8.2
Shields        | 3 |  3.3
Invocations    | 3 |  3.1
Throwing       | |  2.0
Dodging        | |  4.0

Action                   |  1- 3 |  4- 6 |  7- 9 | 10-12 || total
-------------------------+-------+-------+-------+-------++-------
Melee: Trident           |    74 |   108 |   445 |   436 ||  1063
       Punch             |     1 |       |     5 |     2 ||     8
       Tailslap          |       |       |     2 |       ||     2
Throw: Boomerang         |    16 |    24 |    22 |       ||    62
       Dart              |       |     5 |    11 |    13 ||    29
Invok: Ancestor Identity |       |       |     1 |       ||     1
       Transference      |       |       |       |     1 ||     1
       Ancestor Life: Kn |       |       |       |     1 ||     1
  Use: Scroll            |       |       |    15 |     1 ||    16
       Potion            |       |       |     1 |     1 ||     2
 Stab: Sleeping          |     1 |       |       |       ||     1
       Invisible         |       |       |       |     4 ||     4
       Distracted        |       |       |       |     4 ||     4
Armor: Leather armour    |    14 |       |       |       ||    14
       Scale mail        |     3 |       |       |       ||     3
       Chain mail        |       |    35 |    66 |       ||   101
       Plate armour      |       |       |   125 |   148 ||   273
Dodge: Dodged            |    30 |    25 |    91 |    73 ||   219
Block: Kite shield       |       |       |       |    54 ||    54
